 Dungeon Crawl Stone Soup version 0.31.0-11-ge490571c62 (webtiles) character file.

Game seed: 7636937199381844899

169 qw the Shooter (level 5, -5/26 HPs)
             Began as a Spriggan Hunter on Feb 3, 2024.
             Slain by a gnoll
             ... wielding a +0 club
              (8 damage)
             ... on level 4 of the Dungeon.
             The game lasted 00:00:09 (2555 turns).

qw the Shooter (Spriggan Hunter)                    Turns: 2555, Time: 00:00:09

Health: -5/26      AC:  2    Str:  7    XL:     5   Next: 25%
Magic:  6/6        EV: 20    Int: 10    God:
Gold:   161        SH:  0    Dex: 21    Spells: 4/4 levels left

rFire   . . .        a - +1 shortbow
rCold   . . .        (shield currently unavailable)
rNeg    . . .        c - +0 robe
rPois   .            (helmet restricted)
rElec   .            (no cloak)
rCorr   .            (gloves unavailable)
SInv    +            (boots unavailable)
Will    .....        (no amulet)
Stlth   ++           (no ring)
HPRegen 0.24/turn    (no ring)
MPRegen 0.10/turn

%: no passive effects
@: very quick
A: very small, no large weapons, unfitting armour, see invisible, speed 3
a: no special abilities


You were on level 4 of the Dungeon.
You visited 1 branch of the dungeon, and saw 4 of its levels.

You collected 161 gold pieces.


Innate Abilities, Weirdness & Mutations

You are very small and have problems with some larger weapons.
You are too small for most types of armour.
You have supernaturally acute eyesight. (SInv)
You cover ground extremely quickly. (Speed+++)


   Skills:
 - Level 2.0 Fighting
 + Level 5.5 Ranged Weapons
 - Level 5.0 Dodging
 - Level 1.5 Stealth


You had 4 spell levels left.
You didn't know any spells.
Your spell library was empty.

Inventory:

Hand Weapons
 a - a +1 shortbow (weapon)
Armour
 c - a +0 robe (worn)
Wands
 b - a wand of charming (1)
 d - a wand of quicksilver (5)
Potions
 e - a potion of cancellation
 g - a potion of invisibility {unknown}
 h - a potion of mutation {unknown}
 i - a potion of magic {unknown}

Dungeon Overview and Level Annotations

Branches:
Dungeon (4/15)
 Temple: D:4-7

Altars:

Shops:
D:3 *


Message History

The gnoll is heavily wounded.
The gnoll hits you with a +0 club.
You shoot an arrow.
The arrow hits the gnoll but does no damage.
The gnoll is heavily wounded.
The gnoll completely misses you.
You shoot an arrow. The arrow barely misses the gnoll.
The gnoll completely misses you.
You shoot an arrow. The arrow hits the gnoll!
The gnoll is almost dead.
The gnoll completely misses you. The gnoll closely misses you.
You shoot an arrow. The arrow hits the gnoll!
You kill the gnoll!
You start resting.
HP restored.
You climb downwards.
The gnoll barely misses you. x2
The gnoll hits you with a +0 whip! The gnoll barely misses you.
There is a stone staircase leading up, spattered with blood here.
You shoot an arrow. The arrow barely misses the gnoll.
The gnoll completely misses you. The gnoll misses you.
You shoot an arrow. The arrow hits the gnoll.
The gnoll is lightly wounded.
The gnoll hits you with a +0 club. The gnoll barely misses you.
You shoot an arrow. The arrow barely misses the gnoll.
The gnoll hits you with a +0 club! The gnoll hits you with a +0 whip.
You shoot an arrow.
The arrow hits the gnoll but does no damage.
The gnoll hits you with a +0 club. The gnoll misses you.
You shoot an arrow. The arrow barely misses the gnoll.
The gnoll closely misses you. x2
You shoot an arrow. The arrow hits the gnoll.
The gnoll is lightly wounded.
The gnoll closely misses you. The gnoll misses you.
You shoot an arrow. The arrow hits the gnoll.
The gnoll is heavily wounded.
The gnoll completely misses you. The gnoll closely misses you.
You shoot an arrow. The arrow hits the gnoll.
The gnoll is almost dead.
The gnoll hits you with a +0 club!
You die...

###
#..
#.#
#g#
#@#
#g#
#)#
...
#..
####


You could see 2 gnolls.

Vanquished Creatures
  Jessica (D:2)
  Ijyb (D:3)
  2 gnolls
  2 adders
  3 dart slugs
  A ribbon worm (D:2)
  4 orcs (D:3)
  5 bats
  2 endoplasms
  A giant cockroach (D:2)
  14 goblins
  5 hobgoblins
  4 jackals (D:3)
  6 kobolds
  2 quokkas
  8 ball pythons
  2 frilled lizards
  8 rats
71 creatures vanquished.

Notes
Turn   | Place    | Note
-------+----------+-------------------------------------------
     0 | D:1      | qw the Spriggan Hunter began the quest for the Orb.
     0 | D:1      | Reached XP level 1. HP: 10/10 MP: 2/2
     0 | D:1      | 0 ||| qw: Version: 0.3-a-158-g18b3111
     0 | D:1      | 0 ||| qw: Game counter: 4132
     0 | D:1      | 0 ||| qw: Melee chars always use a shield: true
     0 | D:1      | 0 ||| qw: God list: Okawaru
     0 | D:1      | 0 ||| qw: Allow faded altars: false
     0 | D:1      | 0 ||| qw: Do Orc after clearing Dungeon:15 true
     0 | D:1      | 0 ||| qw: Do second Lair branch before Depths: true
     0 | D:1      | 0 ||| qw: Lair rune preference: random
     0 | D:1      | 0 ||| qw: Goals: Normal
     0 | D:1      | 0 ||| PLANNING D:1-11
    98 | D:1      | Reached skill level 3 in Dodging
   193 | D:1      | Reached XP level 2. HP: 14/14 MP: 3/3
   811 | D:1      | 811 ||| READING scroll labelled BIAC ZUUH PUG.
   812 | D:1      | 812 ||| READING scroll labelled FIF ATOQITWU.
   816 | D:1      | 816 ||| READING 2 scrolls labelled QUUSSUVORE.
   816 | D:1      | 816 ||| IDENTIFYING fuming silvery potion
   817 | D:1      | 817 ||| READING scroll of identify.
   817 | D:1      | 817 ||| IDENTIFYING fizzy sapphire potion
   818 | D:1      | 818 ||| READING scroll labelled NORIUT CIVOIR.
   819 | D:1      | 819 ||| READING scroll labelled GUVVIEGG FOWN.
   819 | D:1      | 819 ||| ENCHANTING +0 shortbow.
   820 | D:1      | 820 ||| READING scroll labelled JUHAN AGRIMO.
   921 | D:1      | 921 ||| DROPPING scroll of butterflies.
   922 | D:1      | 922 ||| DROPPING potion of degeneration.
   961 | D:2      | Reached XP level 3. HP: 18/18 MP: 4/4
  1183 | D:2      | Noticed Jessica
  1184 | D:2      | HP: 4/18 [Jessica/nerve-wracking pain (14)]
  1185 | D:2      | 1185 ||| FLEEEEING.
  1190 | D:2      | 1190 ||| ZAPPING wand of quicksilver (6) at 1,2 (Jessica;
                  | floor).
  1190 | D:2      | Killed Jessica
  1191 | D:2      | Reached XP level 4. HP: 7/22 MP: 5/5
  1517 | D:2      | 1517 ||| READING scroll of identify.
  1517 | D:2      | 1517 ||| IDENTIFYING sedimented pink potion
  1518 | D:2      | 1518 ||| DROPPING potion of berserk rage.
  1521 | D:3      | Found Nasezugh's General Store.
  1524 | D:3      | 1524 ||| SHOPLISTING wand of charming (6) (187 gold, have
                  | 93).
  1529 | D:3      | Noticed Ijyb
  1550 | D:3      | Killed Ijyb
  2017 | D:3      | Found a faded altar of an unknown god.
  2022 | D:3      | Reached XP level 5. HP: 26/26 MP: 6/6
  2483 | D:3      | 2483 ||| READING scroll labelled WUTSOSEYMEO.
  2511 | D:4      | 2511 ||| STAIRDANCE
  2550 | D:4      | HP: 5/26 [gnoll/+0 whip (4)]
  2551 | D:4      | HP: 2/26 [gnoll/+0 club (3)]
  2555 | D:4      | Slain by a gnoll

Levels and vault maps discovered:
D:1:      dpeg_arrival_windows_large_door, layout_basic, st_stairs_1
D:2:      layout_basic, small_statue_intersection, uniq_jessica
D:3:      kennysheep_the_goblin_king, layout_basic, serial_shops, shop,
          basic_ecumenical_altar
D:4:      layout_loops_ring, nzn_wu_jian_council_hall, serial_shops,
          nicolae_shop_tiny_glass, uniq_crazy_yiuf_cottage, uniq_ijyb,
          uniq_grinder

Skill      XL: |  1  2  3  4 |
---------------+-------------+-----
Dodging        | 3 4 5 |  5.0
Ranged Weapons | 5 |  5.5
Fighting       | 2 |  2.0
Stealth        | |  1.5

Action                     |  1- 3 |  4- 6 || total
---------------------------+-------+-------++-------
   Fire: Shortbow          |    72 |    96 ||   168
  Evoke: Wand              |     1 |       ||     1
    Use: Scroll            |     7 |     2 ||     9
 Armour: Robe              |     2 |    19 ||    21
  Dodge: Dodged            |    11 |    69 ||    80

Table legend:
 A = Non-vault XP
 B = Vault XP
 C = Vault XP percentage of total XP
 D = Non-vault monster count
 E = Vault monster count
 F = Vault count percentage of total count
                 A         B        C        D         E       F
            +---------+---------+-------+---------+---------+-------
      Total |     155 |      87 |  36.0 |      61 |      10 |  14.1
            +---------+---------+-------+---------+---------+-------
        D:1 |      31 |       4 |  11.4 |      21 |       2 |   8.7
        D:2 |      39 |      37 |  48.7 |      15 |       1 |   6.2
        D:3 |      71 |      46 |  39.3 |      24 |       7 |  22.6
        D:4 |      14 |       0 |   0.0 |       1 |       0 |   0.0
            +---------+---------+-------+---------+---------+-------
